 Dungeon Crawl Stone Soup version 0.17-a0-1475-g9f81d98 (console) character file.

114 Fusha the Chiller (level 4, -1/36 HPs)
             Began as a Naga Ice Elementalist on July 2, 2015.
             Was an Initiate of Ru.
             Slain by Grinder (7 damage)
             ... on level 3 of the Dungeon.
             The game lasted 00:04:55 (1828 turns).

Fusha the Chiller (Naga Ice Elementalist)           Turns: 1828, Time: 00:04:57

Health: -1/36      AC:  3    Str:  8 (10) XL:     4   Next: 97%
Magic:  7/8        EV: 10    Int: 17      God:    Ru [......]
Gold:   86         SH:  0    Dex: 11      Spells: 1 memorised, 8 levels left

rFire  . . .     SeeInvis +     g - +4 mace
rCold  . . .     Clarity  .     a - +0 robe
rNeg   . . .     SustAt   .     (no shield)
rPois  +         Gourm    .     (no helmet)
rElec  .         Spirit   .     q - +0 cloak
rCorr  .         Warding  .     (no gloves)
rMut   .         Stasis   .     (no barding)
MR     .....                    (no amulet)
Stlth  +++.......               (no ring)
                                (no ring)

@: lethally poisoned (-1 -> -7), very slow, not resistant to hostile
enchantments, fairly stealthy
A: see invisible, deformed body, poison resistance, slowness 2, slow metabolism
1, spit poison 2, AC +1
a: Spit Poison, Renounce Religion


You were on level 3 of the Dungeon.
You worshipped Ru.
Ru was noncommittal.
You were not hungry.

You visited 1 branch of the dungeon, and saw 3 of its levels.

You collected 86 gold pieces.

Inventory:

Hand weapons
 d - a +0 hand axe
 g - a +4 mace (weapon)
Missiles
 m - 7 curare-tipped needles
Armour
 a - a +0 robe (worn)
 q - a +0 cloak (worn)
Scrolls
 e - 2 scrolls of magic mapping {unknown}
 f - a scroll of noise {unknown}
 h - a scroll of immolation {unknown}
 j - 3 scrolls of identify {unknown}
 k - a scroll of blinking {unknown}
 o - 2 scrolls of recharging {unknown}
 r - 2 scrolls of remove curse {unknown}
Potions
 i - a potion of agility
 l - a potion of cure mutation {unknown}
 n - 2 potions of curing {unknown}
 p - a potion of haste {unknown}
 s - 2 potions of might {unknown}
 u - 2 potions of degeneration
Books
 b - a book of Frost

   Spells                             Type                      Level
   a - Freeze                         Ice                          1
   b - Throw Frost                    Conjuration/Ice              2
   c - Ozocubu's Armour               Charms/Ice                   3
   d - Throw Icicle                   Conjuration/Ice              4
   e - Summon Ice Beast               Ice/Summoning                4
   f - Condensation Shield            Ice                          4
Comestibles
 c - a bread ration


   Skills:
 - Level 1.5 Dodging
 + Level 4.1 Stealth
 * Level 3.2 Spellcasting
   Level 1.0 Conjurations
 + Level 4.2 Ice Magic


You had 8 spell levels left.
You knew the following spells:

 Your Spells              Type           Power        Failure   Level  Hunger
a - Freeze                Ice            ###.         2%          1    None


Dungeon Overview and Level Annotations

Branches:
Dungeon (3/15)

Altars:
Fedhas
Okawaru
Qazlal
Ru
Sif Muna
Vehumet
Yredelemnul
The Shining One

Annotations:
D:3 Grinder


Innate Abilities, Weirdness & Mutations

You cannot wear boots.
Your serpentine skin is tough (AC +1).
You have supernaturally acute eyesight.
Armour fits poorly on your strangely shaped body.
Your system is resistant to poisons.
You cover ground very slowly.
You have a slow metabolism.
You can spit poison.


Message History

Casting: Freeze
Confirm with . or Enter, or press ? or * to list all spells.
Aiming: Freeze
Press: ? - help, Shift-Dir - straight line, f - adder
Aim: an adder (severely wounded)
You freeze the adder.
You kill the adder!
Grinder hits you!
* * * LOW HITPOINT WARNING * * *
You writhe in agony.
* * * LOW HITPOINT WARNING * * *
Drink which item? (? for menu, Esc to quit)
It was a potion of degeneration.
There was something very wrong with that liquid.
You feel weakened.
* * * LOW HITPOINT WARNING * * *
You feel sick.
The quokka bites you but does no damage.
Grinder hits you!
You die...

#..... #....
#.... ... ...
#r# #r# . #@#
#.# #5# #..
#.# #.#####.#
#.......######
#............#
#............#
#............#
#............#


You could see Grinder, a quokka and a rat.

Vanquished Creatures
  2 orc wizards (D:3)
  An adder (D:3)
  A worm (D:2)
  3 orcs (D:3)
  A ball python (D:1)
  6 bats
  5 goblins
  4 hobgoblins
  4 jackals (D:2)
  2 giant cockroaches (D:1)
  A giant gecko (D:2)
  4 giant newts
  6 kobolds
  5 rats
45 creatures vanquished.

Notes
Turn   | Place    | Note
--------------------------------------------------------------
     0 | D:1      | Fusha the Naga Ice Elementalist began the quest for the Orb.
     0 | D:1      | Reached XP level 1. HP: 15/15 MP: 3/3
   271 | D:1      | Reached XP level 2. HP: 20/22 MP: 5/5
   834 | D:2      | Reached XP level 3. HP: 17/28 MP: 6/6
  1494 | D:3      | Found a blossoming altar of Fedhas.
  1495 | D:3      | Found an iron altar of Okawaru.
  1497 | D:3      | Found a glowing golden altar of the Shining One.
  1497 | D:3      | Found a basalt altar of Yredelemnul.
  1497 | D:3      | Found a deep blue altar of Sif Muna.
  1497 | D:3      | Found a radiant altar of Vehumet.
  1497 | D:3      | Found a sacrificial altar of Ru.
  1498 | D:3      | Found a stormy altar of Qazlal.
  1517 | D:3      | Reached skill level 4 in Ice Magic
  1517 | D:3      | Reached XP level 4. HP: 20/36 MP: 4/8
  1789 | D:3      | Became a worshipper of Ru the Awakened
  1818 | D:3      | Noticed Grinder
  1828 | D:3      | Slain by Grinder

Vault maps used:
D:1:      eino_arrival_cavern_c, grunt_decor_fettered, minmay_door_square
D:2:      minmay_goblin_kobold_house
D:3:      grunt_temple_overflow_open, first_bread, uniq_grinder

Action                   |  1- 3 |  4- 6 || total
-------------------------+-------+-------++-------
Melee: Mace              |    86 |    14 ||   100
       Hand axe          |     1 |       ||     1
 Cast: Freeze            |     8 |     6 ||    14
  Use: Potion            |       |     2 ||     2
 Stab: Sleeping          |     3 |       ||     3
       Distracted        |     1 |       ||     1
  Eat: Meat ration       |     1 |       ||     1
